 Dungeon Crawl Stone Soup version 0.17.1-3-g152610e (webtiles) character file.

1022 Gargoyl the Covered (level 8, -2/63 HPs)
             Began as a Demonspawn Abyssal Knight on Mar 23, 2016.
             Was a Priest of Lugonu.
             Slain by GFox's ghost (9 damage)
             ... on level 5 of the Dungeon.
             The game lasted 00:13:18 (6757 turns).

Gargoyl the Covered (Demonspawn Abyssal Knight)     Turns: 6757, Time: 00:13:19

Health: -2/63      AC: 14    Str: 14    XL:     8   Next: 2%
Magic:  9/9        EV:  5    Int: 15    God:    Lugonu [***...]
Gold:   191        SH:  0    Dex: 12    Spells: 0 memorised, 7 levels left

rFire  . . .     SeeInvis .     a - +1 hand axe
rCold  . . .     Clarity  .     k - +0 plate armour
rNeg   . . .     SustAt   .     (no shield)
rPois  .         Gourm    .     (no helmet)
rElec  .         Spirit   .     b - +0 cloak
rCorr  .         Warding  .     (no gloves)
rMut   .         Stasis   .     (boots unavailable)
MR     .....                    (no amulet)
Stlth  ..........               (no ring)
                                d - ring of flight

@: lethally poisoned (-2 -> -12), very slightly contaminated, not resistant to
hostile enchantments, extremely unstealthy
A: talons 3, rugged brown scales 1, demonic guardian 1, rot immunity
a: Depart the Abyss, Bend Space, Banish, Renounce Religion, Evoke Flight


You were on level 5 of the Dungeon.
You worshipped Lugonu.
Lugonu was most pleased with you.
You were not hungry.

You visited 1 branch of the dungeon, and saw 5 of its levels.
You visited the Abyss 1 time.
You also visited: Sewer.

You collected 191 gold pieces.

Inventory:

Hand Weapons
 a - a +1 hand axe (weapon)
Missiles
 l - 11 tomahawks (quivered)
Armour
 b - a +0 cloak (worn)
 k - a +0 plate armour (worn)
Jewellery
 d - a ring of flight (left hand)
Scrolls
 e - 3 scrolls of identify {unknown}
 f - 2 scrolls of teleportation {unknown}
 h - 2 scrolls of recharging {unknown}
 m - a scroll of remove curse {unknown}
 n - 2 scrolls of enchant weapon {unknown}
 o - a scroll of fog {unknown}
 r - a scroll of random uselessness {unknown}
 s - a scroll of blinking {unknown}
 t - a scroll of magic mapping {unknown}
 u - a scroll of immolation {unknown}
 x - a scroll of noise {unknown}
Potions
 c - a potion of flight
 p - a potion of magic
 q - a potion of ambrosia
Comestibles
 g - a chunk of flesh
 i - a royal jelly
 j - a beef jerky
 A - a bread ration


   Skills:
 + Level 5.0 Fighting
 + Level 4.3 Axes
 * Level 5.8 Armour
 + Level 2.9 Dodging
 + Level 0.6 Stealth
 + Level 2.6 Invocations


You had 7 spell levels left.
You didn't know any spells.

Dungeon Overview and Level Annotations

Branches:
Dungeon (5/15)
 Temple: D:4-7

Altars:
Makhleb
Zin

Annotations:
D:5 GFox's ghost, amateur MiFi


Innate Abilities, Weirdness & Mutations

You have claws for feet.
You are partially covered in rugged brown scales (AC +1, +3% HP).
A weak demonic guardian rushes to your aid.
You are immune to rotting.


Message History

You flicker back into view.
You feel sick. GFox's ghost hits you.
* * * LOW HITPOINT WARNING * * *
Your white imp gestures at GFox's ghost.
The puff of frost hits GFox's ghost.
GFox's ghost hits your white imp!
Your white imp dies!
You miss the butterfly.
GFox's ghost turns its malevolent gaze towards you.
Your kick misses the butterfly.
You feel sick. GFox's ghost hits you.
* * * LOW HITPOINT WARNING * * *
Unknown command.
A kobold comes into view. It is wielding a dagger.
The kobold shouts!
Your iron imp barely misses the butterfly.
The kobold unwields an uncursed dagger.
The kobold wields a blowgun.
The kobold shoots a poisoned needle.
The poisoned needle hits you!
You are lethally poisoned!
GFox's ghost hits you!
You die...

#.#########.######
#.##........#
########.##.....####
#................#####
#.......##....<..#...
.#..####.##.......#.#####.
.......Z..#.##...........(
.#.#.###Ws#.#####.#.#####.
#b@#.# #.#...
#..5........#.###
#......#.####.# #.#.##.#
.. #.#.# .# .. #.#.# . ..
#...# . ..#


KK You could see GFox's ghost, a giant cockroach, 2 kobolds, a hound skeleton
and a friendly iron imp.

Vanquished Creatures
  Grinder (D:2)
  A phantom (D:4)
  An ogre (D:4)
  2 giant frogs (Sewer)
  2 scorpions
  A giant frog skeleton (D:4)
  2 hounds
  A worker ant (D:4)
  An orc wizard (D:4)
  6 gnolls
  6 adders
  An ooze (D:1)
  A worm (D:3)
  4 giant geckos
  13 orcs
  3 ball pythons
  10 giant cockroaches
  11 goblins
  9 hobgoblins
  8 jackals
  8 bats
  14 giant newts
  8 kobolds
  A quokka skeleton (D:5)
  6 rats
121 creatures vanquished.

Vanquished Creatures (collateral kills)
  A phantom (D:4)
  A water moccasin skeleton (D:5)
  An iguana (D:5)
  An adder (D:3)
  A goblin (D:3)
5 creatures vanquished.

Grand Total: 126 creatures vanquished

Notes
Turn   | Place    | Note
--------------------------------------------------------------
     0 | Abyss:1  | Gargoyl the Demonspawn Abyssal Knight began the quest for the Orb.
     0 | Abyss:1  | Reached XP level 1. HP: 18/18 MP: 2/2
   155 | Abyss:1  | Noticed a large abomination
   201 | Abyss:1  | Noticed a small abomination
   208 | D:1      | Escaped the Abyss
   226 | D:1      | Reached skill level 1 in Dodging
   477 | D:1      | Gained mutation: You are partially covered in rugged brown scales (AC +1, +3% HP). [demonic ancestry]
   477 | D:1      | Reached XP level 2. HP: 3/24 MP: 3/3
   479 | D:1      | Reached * piety under Lugonu
  1323 | D:1      | Gained mutation: A weak demonic guardian rushes to your aid. [demonic ancestry]
  1323 | D:1      | Reached XP level 3. HP: 21/29 MP: 4/4
  2471 | D:2      | Gained mutation: You have sharp toenails. [demonic ancestry]
  2471 | D:2      | Reached XP level 4. HP: 36/36 MP: 5/5
  2705 | D:2      | Reached ** piety under Lugonu
  2862 | D:3      | Noticed Grinder
  2877 | D:2      | Paralysed by Grinder for 6 turns
  2890 | D:2      | Killed Grinder
  2890 | D:2      | Reached skill level 4 in Fighting
  2890 | D:2      | Gained mutation: You have razor-sharp toenails. [demonic ancestry]
  2890 | D:2      | Reached XP level 5. HP: 3/43 MP: 6/6
  3285 | D:3      | Gained mutation: You are immune to rotting. [demonic ancestry]
  3285 | D:3      | Reached XP level 6. HP: 45/49 MP: 7/7
  4091 | D:4      | Found a glowing drain.
  4097 | Sewer    | Entered a sewer
  4241 | Sewer    | Reached *** piety under Lugonu
  4959 | D:4      | Gained mutation: You have claws for feet. [demonic ancestry]
  4959 | D:4      | Reached XP level 7. HP: 29/56 MP: 8/8
  5153 | D:4      | Found a burning altar of Makhleb.
  5154 | D:4      | Found a glowing silver altar of Zin.
  5154 | D:4      | Noticed an angel
  5155 | D:4      | Noticed a cacodemon
  5281 | D:4      | Reached skill level 5 in Armour
  5905 | D:5      | Entered Level 5 of the Dungeon
  6023 | D:5      | Reached skill level 5 in Fighting
  6112 | D:5      | Noticed GFox's ghost (amateur MiFi)
  6605 | D:4      | Reached XP level 8. HP: 44/63 MP: 9/9
  6757 | D:5      | Slain by GFox's ghost

Action                   |  1- 3 |  4- 6 |  7- 9 || total
-------------------------+-------+-------+-------++-------
Melee: Hand axe          |   149 |   284 |   178 ||   611
Invok: Depart the Abyss  |     1 |       |       ||     1
  Use: Potion            |     3 |     3 |     5 ||    11
 Stab: Distracted        |       |       |     1 ||     1
       Invisible         |       |       |     1 ||     1
  Eat: Bread ration      |     1 |       |       ||     1
       Fruit             |     6 |       |       ||     6
       Chunk             |       |     3 |     4 ||     7
       Royal jelly       |       |     1 |     1 ||     2
